 Dungeon Crawl Stone Soup version 0.22-a0-224-g8cf3520 (webtiles) character file.

7498 galech the Grappler (level 10, -1/102 HPs)
             Began as a Troll Monk on Feb 19, 2018.
             Was an Elder of Okawaru.
             Slain by galech's ghost (31 damage)
             ... on level 10 of the Dungeon.
             The game lasted 00:13:42 (8256 turns).

galech the Grappler (Troll Monk)                    Turns: 8256, Time: 00:13:43

Health: -1/102     AC:  8    Str: 24      XL:     10   Next: 95%
Magic:  8/9        EV: 12    Int:  6      God:    Okawaru [****..]
Gold:   500        SH: 12    Dex: 11 (12) Spells: 9/9 levels left

rFire    + + .     SeeInvis .     - Unarmed
rCold    . . .     Gourm    +   o - +2 shield
rNeg     . . .     Faith    .   r - +2 robe {rC+ rF+}
rPois    .         Spirit   .   (helmet restricted)
rElec    .         Reflect  .   k - +0 cloak
rCorr    .         Harm     .   (gloves unavailable)
MR       .....                  (boots unavailable)
Stlth    ++........             L - amulet of regeneration (curse)
HPRegen  1.07/turn              i - ring of fire
MPRegen  0.11/turn              (no ring)

@: no status effects
A: large, unfitting armour, claws 3, fast metabolism 3, gourmand, regeneration
1, shaggy fur 1, tough skin 2
a: Heroism, Renounce Religion


You were on level 10 of the Dungeon.
You worshipped Okawaru.
Okawaru was greatly pleased with you.
You were completely stuffed.

You visited 2 branches of the dungeon, and saw 11 of its levels.

You collected 620 gold pieces.
You spent 120 gold pieces at shops.

Inventory:

Armour
 k - a +0 cloak (worn)
 o - a +2 shield (worn)
 r - a +2 robe of resistance (worn)
 K - the +2 robe of the Lair of Beasts {+Blink rN+}
   (You found it on level 10 of the Dungeon)

   It protects you from negative energy.
   It lets you blink.
Jewellery
 i - a ring of fire (left claw)
 L - a cursed amulet of regeneration (around neck)
Wands
 e - a wand of polymorph (14)
 x - a wand of iceblast (7)
 C - a wand of acid (10)
Scrolls
 c - a scroll of enchant weapon {unknown}
 d - 3 scrolls of remove curse
 l - 5 scrolls of teleportation {unknown}
 m - 2 scrolls of blinking
 n - 3 scrolls of fog {unknown}
 p - a scroll of vulnerability
 u - 2 scrolls of immolation
 v - a scroll of random uselessness
 w - a scroll of torment
 y - 3 scrolls of noise
 B - 2 scrolls of magic mapping
 D - 3 scrolls of identify
 E - a scroll of fear {unknown}
 F - a scroll of amnesia {unknown}
 G - a scroll of brand weapon {unknown}
 H - a scroll of enchant armour {unknown}
Potions
 a - a potion of might
 f - 2 potions of flight {unknown}
 g - a potion of brilliance {unknown}
 h - 2 potions of berserk rage {unknown}
 j - 2 potions of invisibility {unknown}
 q - a potion of mutation {unknown}
 s - 2 potions of resistance {unknown}
 t - 2 potions of heal wounds
 z - 7 potions of curing
 A - 2 potions of agility
 J - a potion of ambrosia {unknown}
Comestibles
 b - 23 rations
 I - 7 chunks of flesh


   Skills:
 + Level 7.6 Fighting
 + Level 7.6 Dodging
 - Level 1.2 Stealth
 + Level 6.4 Shields
 + Level 9.3 Unarmed Combat


You had 9 spell levels left.
You didn't know any spells.

Dungeon Overview and Level Annotations

Branches:
Dungeon (10/15)            Temple (1/1) D:7
   Lair: D:8-11         Orc: D:9-12

Altars:
Ashenzari
Fedhas
Kikubaaqudgha
Makhleb
Okawaru
Ru
Sif Muna
Trog
Xom
Zin
The Shining One

Shops:
D:5 !

Annotations:
D:10 galech's ghost, journeyman TrMo


Innate Abilities, Weirdness & Mutations

You are too large for most types of armour.
You have claws for hands.
Your metabolism is lightning-fast.
You like to eat raw meat.
Your natural rate of healing is unusually fast.
You are covered in fur. (AC +1)
You have very tough skin. (AC +2)


Message History

You are too injured to fight recklessly!
You are too injured to fight recklessly!
You are too injured to fight recklessly!
You are too injured to fight recklessly!
You are too injured to fight recklessly!
You are too injured to fight recklessly!
You are too injured to fight recklessly!
You are too injured to fight recklessly!
You are too injured to fight recklessly!
You mangle galech's ghost!!
Galech's ghost is heavily damaged.
Galech's ghost misses you.
You mangle galech's ghost!!
Galech's ghost is severely damaged.
Galech's ghost hits you!
* * * LOW HITPOINT WARNING * * *
You scratch galech's ghost but do no damage.
Galech's ghost is severely damaged.
Galech's ghost hits you!!
You die...

#.#.#......... #.#.#...#.#.#... #
########.#.........#... #.
.>...................### #.
#.≈≈####.#............. ##≈
.≈≈≈≈###.#.###...#...######. #≈≈
≈≈≈≈≈...................... #≈≈
≈≈≈≈≈.##.#.###.#.#...##≈≈## ##≈
≈≈≈≈≈.##.#.##...@....#≈≈≈≈## #.
≈≈≈≈≈.##.#.##...W....≈≈≈≈≈≈# #.
≈≈≈≈≈.##.#.#####.###.≈≈≈≈≈≈## #.
≈≈≈≈≈.##.#.... #..÷...≈≈≈≈... ..
≈≈≈≈≈.##.#####.######..≈≈########
≈≈≈≈≈.##.. .. .(.#............##
≈≈≈≈≈.# ####.##.#.##..######.##
.≈≈≈≈.. .......................
###..#.#.###.###.##.##


You could see galech's ghost.

Vanquished Creatures
  A two-headed ogre (D:9)
  Pikel (D:4)
  An oklob plant (D:9)
  Grinder (D:4)
  A troll (D:10)
  A hornet (D:10)
  3 hippogriffs
  A spriggan (D:8)
  Sigmund (D:3)
  Eustachio (D:6)
  Menkaure (D:4)
  A water moccasin (D:10)
  Duvessa (D:5)
  A sky beast (D:9)
  A phantom (D:8)
  An orc warrior (D:8)
  2 ice beasts
  2 necrophages
  3 centaurs
  5 ogres
  2 crocodiles
  A big kobold (D:9)
  Blork the orc (D:4)
  3 bullfrogs
  Dowan (D:5)
  2 wyvern zombies
  6 killer bees (D:9)
  9 electric eels
  6 crimson imps
  A quasit (D:10)
  Crazy Yiuf (D:2)
  6 hounds
  5 jellies
  4 orc priests
  A bullfrog skeleton (D:9)
  2 centaur skeletons
  2 iguanas (D:4)
  12 orc wizards
  3 worker ants
  A killer bee zombie (D:6)
  A hound skeleton (D:4)
  12 adders
  3 gnolls (D:5)
  10 oozes
  2 adder zombies
  3 adder skeletons
  3 worms
  6 leopard geckos
  22 orcs
  7 bats
  5 giant cockroaches
  2 goblins (D:1)
  7 hobgoblins
  13 jackals
  2 quokkas (D:4)
  A ball python (D:4)
  7 frilled lizards
  23 kobolds
  6 rats
234 creatures vanquished.

Vanquished Creatures (others)
  A centaur skeleton (D:4)
  A worm (D:4)
  A fungus (D:2)
  A plant (D:9)
  7 toadstools (D:2)
11 creatures vanquished.

Grand Total: 245 creatures vanquished

Notes
Turn   | Place    | Note
-------+----------+-------------------------------------------
     0 | D:1      | galech the Troll Monk began the quest for the Orb.
     0 | D:1      | Reached XP level 1. HP: 22/22 MP: 0/0
   243 | D:1      | Reached XP level 2. HP: 29/29 MP: 1/1
   566 | D:1      | Found a shattered altar of Ashenzari.
   658 | D:2      | Reached XP level 3. HP: 36/36 MP: 2/2
   751 | D:2      | Reached skill level 4 in Unarmed Combat
   751 | D:2      | Reached XP level 4. HP: 39/44 MP: 3/3
   843 | D:2      | Reached XP level 5. HP: 48/53 MP: 4/4
  1113 | D:2      | Found a faded altar of an unknown god.
  1138 | D:2      | Found a runed door.
  1142 | D:2      | Noticed Crazy Yiuf
  1152 | D:2      | Killed Crazy Yiuf
  1236 | D:2      | Reached XP level 6. HP: 43/61 MP: 5/5
  1538 | D:3      | Reached skill level 5 in Unarmed Combat
  1584 | D:3      | Found a glowing silver altar of Zin.
  1588 | D:3      | Found a blossoming altar of Fedhas.
  1593 | D:3      | Found an ancient bone altar of Kikubaaqudgha.
  1703 | D:3      | Found a burning altar of Makhleb.
  1870 | D:4      | Noticed Sigmund
  1892 | D:4      | HP: 2/62 [Sigmund/magic dart (9)]
  2037 | D:3      | Killed Sigmund
  2037 | D:3      | Reached skill level 1 in Shields
  2037 | D:3      | Reached XP level 7. HP: 49/70 MP: 6/6
  2255 | D:4      | Noticed Blork the orc
  2279 | D:4      | Killed Blork the orc
  2342 | D:4      | Noticed Pikel
  2355 | D:4      | Killed Pikel
  2355 | D:4      | Reached skill level 6 in Unarmed Combat
  2355 | D:4      | Reached XP level 8. HP: 64/79 MP: 7/7
  2510 | D:4      | Noticed Menkaure
  2520 | D:4      | Killed Menkaure
  2665 | D:4      | Noticed Grinder
  2680 | D:4      | Killed Grinder
  2680 | D:4      | Reached skill level 5 in Fighting
  2680 | D:4      | Reached skill level 5 in Dodging
  2909 | D:4      | Found a glowing golden altar of the Shining One.
  3111 | D:5      | Entered Level 5 of the Dungeon
  3172 | D:5      | Found Iske Wun's Distillery.
  3172 | D:5      | Noticed Duvessa
  3173 | D:5      | Noticed Dowan
  3190 | D:5      | Killed Duvessa
  3197 | D:5      | Killed Dowan
  3219 | D:5      | Bought a potion of heal wounds for 60 gold pieces
  3219 | D:5      | Bought a potion of heal wounds for 60 gold pieces
  4048 | D:6      | Reached skill level 7 in Unarmed Combat
  4049 | D:6      | Reached XP level 9. HP: 79/88 MP: 8/8
  4214 | D:6      | Noticed Eustachio
  4240 | D:6      | Killed Eustachio
  4702 | D:7      | Found a staircase to the Ecumenical Temple.
  4714 | Temple   | Entered the Ecumenical Temple
  4723 | Temple   | Became a worshipper of Warmaster Okawaru
  4723 | Temple   | Reached * piety under Okawaru
  4723 | Temple   | Reached ** piety under Okawaru
  5667 | D:8      | Reached skill level 5 in Shields
  5700 | D:8      | Reached skill level 8 in Unarmed Combat
  5796 | D:8      | Reached *** piety under Okawaru
  6049 | D:8      | Reached XP level 10. HP: 100/100 MP: 9/9
  6232 | D:9      | Found a sacrificial altar of Ru.
  6283 | D:9      | Noticed a two-headed ogre
  6425 | D:9      | Killed a two-headed ogre
  6631 | D:9      | Reached **** piety under Okawaru
  7188 | D:9      | Noticed an oklob plant
  7189 | D:9      | Found a glowing silver altar of Zin.
  7198 | D:9      | Killed an oklob plant
  7198 | D:9      | Reached skill level 9 in Unarmed Combat
  7506 | D:10     | Entered Level 10 of the Dungeon
  7520 | D:10     | Got a dull robe
  7531 | D:10     | Identified the +2 robe of the Lair of Beasts {+Blink rN+} (You found it on level 10 of the Dungeon)
  7629 | D:10     | Paralysed by a hornet for 2 turns
  8157 | D:10     | Noticed galech's ghost (journeyman TrMo)
  8256 | D:10     | Slain by galech's ghost

Vault maps used:
D:1:      giann_wishing_wells, ashenzari_altar_1
D:2:      cheibrodos_fertilizer, chequers_ecumenical_altar_simple,
          kennysheep_doodads, uniq_crazy_yiuf_cottage
D:3:      marbit_many_paths, minitemple
D:4:      lemuel_coloured_pillars_altar, first_ration, bh_walls_and_bars,
          uniq_menkaure, uniq_grinder, uniq_sigmund, uniq_pikel,
          uniq_blork_the_orc
D:5:      serial_shops, shop_fountains, minivault_24, uniq_duvessa
D:6:      minmay_flawed_box, uniq_eustachio
D:7:      minmay_temple_entry_statues_pillars
D:8:      the_bakery
D:9:      general_overflow_altar, minmay_misc_feat_more_columns,
          lemuel_oklob_altar
D:10:     nicolae_dithmenos_through_a_glass_darkly
Temple:   eino_wide_crystal_templ

Skill      XL: |  1  2  3  4  5  6  7  8  9 10 |
---------------+-------------------------------+-----
Unarmed Combat | 4 5 6 7 8 9 |  9.3
Fighting       | 3 4 5 6 7 |  7.6
Dodging        | 3 4 5 6 7 |  7.6
Shields        | 1 2 3 5 6 |  6.4
Stealth        | |  1.2

Action                   |  1- 3 |  4- 6 |  7- 9 | 10-12 || total
-------------------------+-------+-------+-------+-------++-------
Melee: Unarmed           |    87 |   209 |   331 |   252 ||   879
       Punch             |       |     4 |       |       ||     4
Invok: Heroism           |       |       |       |     6 ||     6
  Use: Potion            |       |     3 |       |       ||     3
       Scroll            |       |       |     9 |       ||     9
 Stab: Sleeping          |     2 |     3 |     3 |     2 ||    10
  Eat: Chunk             |    12 |    11 |    38 |    21 ||    82
Armor: Robe              |    37 |    57 |    60 |    28 ||   182
       Skin              |       |       |     1 |       ||     1
Dodge: Dodged            |    58 |   117 |    83 |   106 ||   364
Block: Shield            |       |     8 |   137 |   134 ||   279

Table legend:
 A = Spawn XP
 B = Non-spawn XP
 C = Spawn XP percentage of total XP
 D = Spawn monster count
 E = Non-spawn monster count
 F = Spawn count percentage of total count
 G = Total turns spent on level
                    A         B        C        D         E        F      G
               +---------+---------+-------+---------+---------+-------+---------
         Total |       0 |   10712 |   0.0 |       0 |     234 |   0.0 |  8256
               +---------+---------+-------+---------+---------+-------+---------
           D:1 |       0 |      38 |   0.0 |       0 |      19 |   0.0 |   649
           D:2 |       0 |     372 |   0.0 |       0 |      50 |   0.0 |   710
           D:3 |       0 |     388 |   0.0 |       0 |      27 |   0.0 |   699
           D:4 |       0 |    1337 |   0.0 |       0 |      19 |   0.0 |  1055
           D:5 |       0 |     389 |   0.0 |       0 |      11 |   0.0 |   656
           D:6 |       0 |     701 |   0.0 |       0 |      14 |   0.0 |   910
           D:7 |       0 |     662 |   0.0 |       0 |      10 |   0.0 |   709
           D:8 |       0 |    1672 |   0.0 |       0 |      19 |   0.0 |   857
           D:9 |       0 |    3722 |   0.0 |       0 |      47 |   0.0 |  1294
          D:10 |       0 |    1431 |   0.0 |       0 |      18 |   0.0 |   700
               +---------+---------+-------+---------+---------+-------+---------
